Unix NetHack Version 5.0.0-0 post-release - last build May 17 2026 04:57:42 (dc50c8380fa5e20985bfe3072449f57b8d9895ef,branch:main).

Game began 2026-05-19 01:47:46, ended 2026-05-19 02:27:45.

Doran, lawful male human Samurai

                                        -- |
                                        |...  ----
                                        -.......@-
                                           --......
                                            -.......-
                                            ........|
                                          ........G--
                                         |.........|
                                         |.........|
                                         -.....-...|
                                         ...--. ..--
                                         -.  ---..
                                         ..    ---
                                         --

Doran the Ninja        St:16 Dx:18 Co:18 In:10 Wi:11 Ch:9  Lawful S:3662
Dlvl:10 $:82 HP:0(70) Pw:27(27) AC:4  Xp:7 T:3196  Burdened

Latest messages:
 You see here a scroll of enchant armor (for sale, 107 zorkmids).
 Your knapsack cannot accommodate any more items.
 What do you want to use or apply? [gsyCDJPRVX-Z or ?*] Z
 You put a black gem into the bag called bag1bag1 not holding.
 You put a blue gem into the bag called bag1bag1 not holding.
 You put a green gem into the bag called bag1bag1 not holding.
 You put 2 green gems into the bag called bag1bag1 not holding.
 You put an orange gem into the bag called bag1bag1 not holding.
 You put a red gem into the bag called bag1bag1 not holding.
 You put a red gem into the bag called bag1bag1 not holding.
 You put a violet gem into the bag called bag1bag1 not holding.
 You put a white gem into the bag called bag1bag1 not holding.
 You put a white gem into the bag called bag1bag1 not holding.
 You put a white gem into the bag called bag1bag1 not holding.
 "For you, esteemed sir; only 107 zorkmids for this scroll of enchant armor."
 You have a little trouble lifting I - a scroll of enchant armor (unpaid, 107 zorkmids).
 You see here a scroll of destroy armor (for sale, 133 zorkmids).
 You see here an expensive camera (for sale, 267 zorkmids).
 You see here a red gem (for sale, 4667 zorkmids).
 You bought a scroll of enchant armor for 107 gold pieces.
 "Thank you for shopping in Akranes' general store!"
 The door opens.
 "Irasshaimase, Doran!  Welcome to Izchak's lighting store!"
 The giant spider bites!
 The giant spider's bite was poisoned!
 The giant spider bites!
 The giant spider's bite was poisoned!
 The giant spider bites!
 You hit the giant spider!
 The giant spider bites!
 You hit the giant spider!
 The giant spider bites!
 The giant spider bites!
 The giant spider bites!
 The giant spider bites!
 The giant spider bites!
 You see here a snake corpse.
 You miss the giant spider.
 The giant spider bites!
 You miss the giant spider.
 The giant spider bites!
 Really step into that hole? [yn] (n) y
 The priest of Susanowo intones:
 "Pilgrim, you enter a sacred place!"
 You have a forbidding feeling...
 There's a gaping hole under you!
 You fall down a shaft!
 You die...
 Do you want your possessions identified? [ynq] (y) y
 Do you want to see your attributes? [ynq] (y) q

Inventory:
 Coins    ('$')
  $ - 82 gold pieces
 Weapons  (')')
  b - 12 +0 arrows
  p - 6 cursed +0 arrows
  E - 5 cursed -2 arrows
  d - 30 +0 ya (in quiver)
  c - a +0 yumi
  n - 10 cursed +0 shuriken
  r - a +0 elven dagger
  z - a +0 orcish dagger (alternate weapon; not wielded)
  a - a +0 katana (weapon in right hand)
  l - a cursed +0 long sword
 Armor    ('[')
  e - an uncursed rustproof +0 splint mail (being worn)
 Comestibles  ('%')
  q - a cursed cram ration
  M - 4 uncursed gunyoki
  o - 3 cursed gunyoki
  K - 3 uncursed tripe rations
  m - a cursed tripe ration
 Scrolls  ('?')
  h - an uncursed scroll of enchant armor
  I - an uncursed scroll of enchant armor
  Q - an uncursed scroll of fire
  j - an uncursed scroll of identify
  k - 2 uncursed scrolls of scare monster
  T - 2 uncursed scrolls of teleportation
 Spellbooks  ('+')
  X - an uncursed spellbook of cone of cold
  D - an uncursed spellbook of cure sickness
  C - an uncursed spellbook of slow monster
 Potions  ('!')
  t - an uncursed potion of acid
  O - an uncursed potion of enlightenment
  F - a cursed potion of healing
  H - a blessed potion of restore ability
  G - an uncursed potion of water
 Rings    ('=')
  W - an uncursed +1 ring of gain strength
  N - an uncursed ring of poison resistance
  i - an uncursed ring of polymorph control
 Wands    ('/')
  P - a wand of cancellation (0:3)
  Y - a wand of magic missile (0:3)
 Tools    ('(')
  Z - a cursed bag of holding containing 11 items
  V - an uncursed blindfold
  y - a cursed brass lantern
  J - an uncursed skeleton key
  g - an uncursed towel
  s - an uncursed towel
  R - a cursed wax candle

Contents of the bag of holding:
  a cursed amethyst stone
  an uncursed dilithium crystal
  a cursed garnet stone
  an uncursed jasper stone
  a cursed worthless piece of black glass
  an uncursed worthless piece of blue glass
  2 uncursed worthless pieces of green glass
  a cursed worthless piece of green glass
  an uncursed worthless piece of orange glass
  an uncursed worthless piece of white glass
  a cursed worthless piece of white glass

Doran the Samurai's attributes:

Background:
 You were a Ninja, a level 7 male human Samurai.
 You were lawful, on a mission for Amaterasu Omikami
 who was opposed by Raijin (neutral) and Susanowo (chaotic).
 You were right-handed.
 You were in the Gnomish Mines, on level 10.
 You entered the dungeon 3196 turns ago.
 It was nighttime.
 There was a new moon in effect when your adventure ended.
 You had 780 experience points, 500 more were needed to attain level 8.
 Your score was 3662 before end-of-game adjustments.

Basics:
 You had 0 out of 70 hit points.
 You had all 27 energy points (spell power).
 Your armor class was 4.
 Your wallet contained 82 zorkmids.
 Autopickup was on for '$"?/=+!*' plus thrown, with exceptions.

Final Characteristics:
 Your strength was 16 (limit:18/100).
 Your dexterity was 18 (limit:18).
 Your constitution was 18 (limit:18).
 Your intelligence was 10 (limit:18).
 Your wisdom was 11 (limit:18).
 Your charisma was 9 (limit:18).

Final Status:
 You weren't hungry.
 You were burdened; movement was slightly slowed.
 You were wielding a long sword.
 You were skilled in long sword.

Final Attributes:
 You were piously aligned.
 You were warded.
 You were fast.
 You are dead.

Miscellaneous:
 You didn't encounter any bones levels.
 Total elapsed playing time was 39 minutes and 58 seconds.

Major events:
 Turn
    1: Doran the lawful male human Samurai entered the dungeon
 1322: attained the rank of Ronin (level 3)
 2010: entered the Gnomish Mines
 2868: reached Mine Town
 2874: attained the rank of Ninja (level 6)
 3196: killed by falling down a mine shaft

You didn't know any spells.

Skills:
 Fighting Skills
   martial arts      [Basic]
   two weapon combat [Unskilled]
   riding            [Unskilled]
 Weapon Skills
   dagger            [Unskilled]
   knife             [Unskilled]
   short sword       [Basic]
   broadsword        [Unskilled]
   long sword        [Skilled]
   two-handed sword  [Unskilled]
   saber             [Unskilled]
   flail             [Unskilled]
   quarterstaff      [Unskilled]
   polearms          [Unskilled]
   spear             [Unskilled]
   lance             [Unskilled]
   bow               [Basic]
   shuriken          [Unskilled]
 Spellcasting Skills
   attack spells     [Unskilled]
   divination spells [Unskilled]
   clerical spells   [Unskilled]

Voluntary challenges:
 Character rerolling was not enabled.
 You never genocided any monsters.
 You never polymorphed an object.
 You never changed form.
 You used no wishes.
Achievements:
 You attained the rank of Ronin.
 You entered a shop.
 You entered the Gnomish Mines.
 You entered Minetown.
 You attained the rank of Ninja.
 You entered a temple.

 The Dungeons of Doom: levels 1 to 5
    Level 1:
       A fountain, a grave.
    Level 2:
       A fountain.
    Level 3:
       A scroll shop.
    Level 4:
       Stairs down to The Gnomish Mines.
    Level 5:
 The Gnomish Mines: levels 5 to 10
    Level 5:
    Level 6:
    Level 7:
    Level 8:
       Many shops, a temple and an altar, some fountains.
    Level 9:
    Level 10: <- You were here.
       Final resting place for
          you, killed by falling down a mine shaft.


Vanquished creatures:
  3 chickatrices
  a snake
  a rope golem
  a fire ant
  a fog cloud
  a yellow light
  3 gnome leaders
  a giant ant
  a little dog
  a floating eye
  a rothe
  2 dwarf zombies
  a wererat
  2 iguanas
 an acid blob
  a coyote
  a hobbit
  a large kobold
  2 cave spiders
 21 gnomes
  a gecko
  7 jackals
  a fox
  a kobold
  3 goblins
  a grid bug
  5 lichens
  a kobold zombie
  5 newts
72 creatures vanquished.

No species were genocided or became extinct.

Game over:
                       ----------
                      /          \
                     /    REST    \
                    /      IN      \
                   /     PEACE      \
                  /                  \
                  |      Doran       |
                  |      82 Au       |
                  |    killed by     |
                  |  falling down a  |
                  |    mine shaft    |
                  |                  |
                  |       2026       |
                 *|     *  *  *      | *
        _________)/\\_//(\/(/\)/\//\/|_)_______

Sayonara Doran the Samurai...

You died in The Gnomish Mines on dungeon level 10 with 3654 points,
and 82 pieces of gold, after 3196 moves.
You were level 7 with a maximum of 70 hit points when you died.

